 Dungeon Crawl Stone Soup version 0.24.0 (webtiles) character file.

Game seed: 6912422539446114469, levelgen mode: deterministic

6832 Gynju the Basher (level 10, -1/88 HPs)
             Began as a Minotaur Fighter on Oct 25, 2019.
             Was an Elder of Zin.
             Slain by an unseen horror (5 damage)
             ... on level 8 of the Dungeon.
             The game lasted 00:13:11 (9548 turns).

Gynju the Basher (Minotaur Fighter)                 Turns: 9548, Time: 00:13:12

Health: -1/88      AC: 14    Str: 28    XL:     10   Next: 77%
Magic:  14/15      EV:  5    Int:  8    God:    Zin [****..]
Gold:   447        SH: 10    Dex: 12    Spells: 9/9 levels left

rFire    . . .     SeeInvis .   v - +3 flail (crush)
rCold    . . .     Gourm    .   c - +0 shield
rNeg     . . .     Faith    +   x - +0 plate armour
rPois    ∞         Spirit   .   (helmet restricted)
rElec    .         Reflect  .   (no cloak)
rCorr    .         Harm     .   w - +0 pair of gloves
MR       .....                  (no boots)
Stlth    ..........             n - amulet of faith
HPRegen  0.24/turn              q - ring of poison resistance
MPRegen  0.14/turn              (no ring)

@: vitalised, studying Staves
A: retaliatory headbutt, horns 2
a: Recite, Vitalisation, Imprison, Donate Gold, Renounce Religion


You were on level 8 of the Dungeon.
You worshipped Zin.
Zin was greatly pleased with you.
You were not hungry.

You visited 2 branches of the dungeon, and saw 9 of its levels.
You also visited: Ossuary.

You collected 496 gold pieces.
You donated 49 gold pieces to Zin.

Inventory:

Hand Weapons
 v - a +3 flail of crushing (weapon)
Armour
 c - a +0 shield (worn)
 w - a +0 pair of gloves (worn)
 x - a +0 plate armour (worn)
Jewellery
 n - an amulet of faith (around neck)
 o - a cursed ring of attention {unknown}
 q - a ring of poison resistance (left hand)
 E - an uncursed ring of ice {unknown}
 F - a +1 ring of slaying
Wands
 k - a wand of digging (3)
 G - a wand of acid (9)
Scrolls
 a - 3 scrolls of teleportation {unknown}
 b - 3 scrolls of magic mapping {unknown}
 e - a scroll of fog
 h - 7 scrolls of remove curse {@r2}
 l - 2 scrolls of amnesia {unknown}
 y - 4 scrolls of identify {@r1}
 z - a scroll of noise {unknown}
 B - a scroll of enchant weapon
 D - a scroll of random uselessness {unknown}
Potions
 d - 5 potions of might
 g - 3 potions of invisibility {unknown}
 i - 4 potions of agility
 j - 2 potions of haste
 m - 3 potions of curing {unknown}
 p - 2 potions of mutation
 r - 4 potions of flight {unknown}
 s - 2 potions of heal wounds {unknown}
 t - a potion of resistance
 u - 2 potions of lignification {unknown}
 A - a potion of magic {unknown}
 C - a potion of brilliance {unknown}
Books
 I - a manual of Staves
Comestibles
 f - 10 rations
 H - 2 chunks of flesh


   Skills:
 + Level 7.6 Fighting
 - Level 14.0 Maces & Flails
 + Level 7.6 Armour
 - Level 3.6 Shields
 + Level 8.0 Invocations


You had 9 spell levels left.
You didn't know any spells.
Your spell library contained the following spells:

 Spells                   Type           Power        Failure   Level  Hunger
 Animate Skeleton         Necr           N/A          100%        1    ##.....
 Apportation              Tloc           #.....       100%        1    ##.....
 Pain                     Necr           #...         100%        1    ##.....
 Summon Butterflies       Summ           #.......     100%        1    ##.....
 Lesser Beckoning         Tloc           #.........   100%        3    ####...
 Regeneration             Chrm/Necr      #.........   100%        3    ####...
 Tukima's Dance           Hex            #.......     100%        3    ####...
 Vampiric Draining        Necr           #.........   100%        3    ####...
 Animate Dead             Necr           N/A          100%        4    #####..
 Alistair's Intoxication  Tmut/Pois      #.......     100%        5    ######.
 Invisibility             Hex            #.......     100%        6    #######


Dungeon Overview and Level Annotations

Branches:
Dungeon (8/15)             Temple (1/1) D:6         Ossuary (visited)
   Lair: D:8-11

Altars:
Ashenzari
Cheibriados
Elyvilon
Fedhas
Gozag
Hepliaklqana
Makhleb
Nemelex Xobeh
Okawaru
Qazlal
Ru
Sif Muna
Trog
Uskayaw
Vehumet
Wu Jian
Xom
Yredelemnul
Zin
The Shining One

Shops:
D:4 (   D:6 }


Innate Abilities, Weirdness & Mutations

You reflexively headbutt those who attack you in melee.
You have a pair of horns on your head.


Message History

Something hits you.
* * * LOW HITPOINT WARNING * * *
You block something's attack. Something hits you.
* * * LOW HITPOINT WARNING * * *
Zin grants you divine stamina. Something hits you but does no damage.
You block something's attack. Something completely misses you.
Something hits you but does no damage. Something hits you but does no damage.
Something hits you but does no damage. Something hits you.
* * * LOW HITPOINT WARNING * * *
Something hits you.
* * * LOW HITPOINT WARNING * * *
Something hits you but does no damage. Something hits you.
* * * LOW HITPOINT WARNING * * *
Something hits you.
You die...

.#(....#
#.......#.P.P.♣..P#.##
.#.###.#
#.#...#.#..♣P..♣..#..# .#.#
#.#####.#...#.#P♣...♣♣PP##..
.#.#
#.......#...#.#####.########
####
#######.#...#.##...)÷..####.
### ###...#.#.#.....#.##..
÷..###....#.#.†#...#..#...
#####
#..#..###.#...#.#...#..#
....# #....@.......#........
###.#
#####..###.#...#.#...#..#
#.#####..###.#
#.#..#...#..#...
#.##.......#.#
#.#.#.....#.##..
#.##.....###F#
#.##.......####.
#.##.....##..#
#.#####.########
#.#....####F##
#............... ###......#
#.# #####..#########
.........# #F#### #..#


There were no monsters in sight!

Vanquished Creatures
  Erica (D:8)
  An ugly thing (D:8)
  A deep elf mage (D:8)
  A kobold demonologist (D:8)
  A hippogriff (D:8)
  Sigmund (D:2)
  2 wyverns (D:8)
  Eustachio (D:6)
  A hungry ghost (D:7)
  A water moccasin (D:6)
  A black bear (D:8)
  2 ice beasts
  An orc warrior (D:8)
  3 sky beasts (D:8)
  2 ogres
  2 centaurs
  14 big kobolds
  5 bullfrogs
  An elf zombie (Ossuary)
  Blork the orc (D:5)
  2 scorpions
  7 wights
  2 crimson imps (D:7)
  A bullfrog zombie (D:5)
  4 hounds
  2 centaur zombies (Ossuary)
  A jelly (D:5)
  A human zombie (Ossuary)
  6 orc priests
  2 bullfrog skeletons (D:6)
  A centaur skeleton (D:8)
  5 orc wizards
  3 iguanas
  7 worker ants
  A killer bee zombie (D:6)
  A big kobold zombie (Ossuary)
  2 hound zombies
  A hound skeleton (D:4)
  2 mummies (Ossuary)
  A howler monkey zombie (D:7)
  12 adders
  3 shadow imps
  3 oozes
  3 adder zombies
  3 adder skeletons
  A worm (D:3)
  2 dart slugs
  7 leopard geckos
  23 orcs
  11 giant cockroaches
  6 goblins
  7 hobgoblins
  2 jackals (D:7)
  13 kobolds
  5 quokkas
  5 ball pythons
  6 bats
  8 frilled lizards
  A goblin zombie (Ossuary)
  12 hobgoblin zombies (Ossuary)
  A jackal skeleton (D:4)
  4 jackal zombies (Ossuary)
  7 kobold zombies (Ossuary)
  A leopard gecko skeleton (D:7)
  6 orc zombies (Ossuary)
  A quokka zombie (D:7)
  6 rats
254 creatures vanquished.

Vanquished Creatures (others)
  A jelly (D:8)
  3 plants (D:8)
4 creatures vanquished.

Grand Total: 258 creatures vanquished

Notes
Turn   | Place    | Note
-------+----------+-------------------------------------------
     0 | D:1      | Gynju the Minotaur Fighter began the quest for the Orb.
     0 | D:1      | Reached XP level 1. HP: 19/19 MP: 0/0
     9 | D:1      | Reached skill level 3 in Maces & Flails
   148 | D:1      | Reached XP level 2. HP: 24/26 MP: 1/1
   671 | D:1      | Reached skill level 4 in Maces & Flails
   785 | D:1      | You fall into a shaft and drop 1 floor!
   792 | D:2      | Reached XP level 3. HP: 26/31 MP: 2/2
   951 | D:2      | Noticed Sigmund
   966 | D:2      | Killed Sigmund
   966 | D:2      | Reached skill level 7 in Maces & Flails
   966 | D:2      | Reached XP level 4. HP: 21/39 MP: 3/3
   966 | D:2      | Reached XP level 5. HP: 24/45 MP: 4/4
  1527 | D:2      | Found a glowing golden altar of the Shining One.
  1528 | D:2      | Found a radiant altar of Vehumet.
  2102 | D:3      | Reached XP level 6. HP: 48/51 MP: 5/5
  2662 | D:4      | Found Vutzud's Weapon Shop.
  2690 | D:4      | Found a sand-covered staircase.
  2695 | Ossuary  | Entered an ossuary
  2768 | Ossuary  | Reached skill level 8 in Maces & Flails
  2886 | Ossuary  | Reached skill level 9 in Maces & Flails
  3179 | Ossuary  | Reached XP level 7. HP: 49/57 MP: 6/6
  3913 | D:2      | Became a worshipper of the Shining One
  4122 | D:4      | Reached skill level 10 in Maces & Flails
  4194 | D:4      | Found a white marble altar of Elyvilon.
  4274 | D:4      | Reached * piety under the Shining One
  4553 | D:5      | Entered Level 5 of the Dungeon
  4628 | D:5      | Noticed Blork the orc
  4631 | D:5      | Reached skill level 11 in Maces & Flails
  4635 | D:5      | Killed Blork the orc
  4635 | D:5      | Reached XP level 8. HP: 64/64 MP: 7/7
  4958 | D:5      | Reached skill level 12 in Maces & Flails
  5434 | D:6      | Reached skill level 1 in Invocations
  5512 | D:6      | Noticed Eustachio
  5517 | D:6      | Killed Eustachio
  5574 | D:6      | Found a staircase to the Ecumenical Temple.
  5609 | Temple   | Entered the Ecumenical Temple
  5713 | Temple   | Fell from the grace of the Shining One
  5713 | Temple   | Became a worshipper of Zin the Law-Giver
  5713 | Temple   | Reached * piety under Zin
  5713 | Temple   | Reached ** piety under Zin
  5805 | D:6      | Reached skill level 13 in Maces & Flails
  5943 | D:6      | Found Cafuisse's Gadget Boutique.
  6088 | D:6      | Reached *** piety under Zin
  6167 | D:6      | Reached XP level 9. HP: 44/70 MP: 10/10
  6825 | D:7      | Found an opulent altar of Gozag.
  6834 | D:7      | Found an iron altar of Okawaru.
  7219 | D:7      | Paralysed by fainting for 9 turns
  7258 | D:7      | HP: 2/70 [centaur/arrow (5)]
  7612 | D:7      | Reached skill level 5 in Invocations
  7945 | D:8      | Reached skill level 14 in Maces & Flails
  8179 | D:8      | Reached **** piety under Zin
  8230 | D:8      | Found a hazy altar of Hepliaklqana.
  8305 | D:8      | Found a shimmering altar of Xom.
  8307 | D:8      | Noticed a spectral ugly thing
  8628 | D:8      | Noticed a kobold demonologist
  8645 | D:8      | Reached skill level 5 in Fighting
  8651 | D:8      | Killed a kobold demonologist
  8651 | D:8      | Reached skill level 5 in Armour
  8651 | D:8      | Reached XP level 10. HP: 74/81 MP: 13/13
  8868 | D:8      | Noticed a deep elf mage
  8885 | D:8      | Killed a deep elf mage
  9226 | D:8      | Noticed a green ugly thing
  9239 | D:8      | Noticed Erica
  9242 | D:8      | Killed a green ugly thing
  9248 | D:8      | Killed Erica
  9546 | D:8      | HP: 4/88 [something (1)]
  9548 | D:8      | Slain by an unseen horror

Levels and vault maps discovered:
D:1:      lightli_arrival_statue_moat, layout_basic
D:2:      layout_basic, gammafunk_temple_overflow_statue, uniq_sigmund
D:3:      layout_basic, first_ration, minmay_misc_feat_iff
D:4:      layout_rooms, enter_ossuary_2, serial_shops, nicolae_shop_stone,
          st_stairs_11, elyvilon_altar_5
D:5:      minmay_opposing_rooms, layout_loops_ring, uniq_blork_the_orc
D:6:      layout_basic, minmay_temple_entry_statues_pillars, serial_shops, shop,
          minmay_strange_pillars, uniq_eustachio
D:7:      layout_rooms, basic_altar, okawaru_gym_becter
D:8:      layout_loops_ring, regret_index_temple_of_mockery, special_room
          [special_room_kobold], grunt_ogre_cave, st_stairs_4,
          minmay_the_grid_2x2 [minmay_the_grid_plusring, minmay_the_grid_x,
          minmay_the_grid_garden, minmay_the_grid_prize_inner_circle],
          uniq_erica
Temple:   regret_index_temple_waves
